 Dungeon Crawl Stone Soup version 0.19-a0-1254-gb9c29c0 (webtiles) character file.

574 Amnesiac the Conjurer (level 7, -8/36 HPs)
             Began as a Deep Elf Wizard on Aug 27, 2016.
             Killed by divine providence
             ... invoked by an orc priest
              (15 damage)
             ... on level 5 of the Dungeon.
             The game lasted 00:06:56 (4030 turns).

Amnesiac the Conjurer (Deep Elf Wizard)             Turns: 4030, Time: 00:06:57

Health: -8/36      AC:  4    Str:  4    XL:     7   Next: 12%
Magic:  13/18      EV: 13    Int: 25    God:
Gold:   252        SH:  0    Dex: 13    Spells: 5 memorised, 7 levels left

rFire  . . .     SeeInvis .     r - +2 dagger (venom)
rCold  . . .     Gourm    .     a - +0 robe
rNeg   . . .     Faith    .     (no shield)
rPois  .         Spirit   .     b - +0 hat
rElec  .         Dismiss  .     h - +1 cloak
rCorr  .         Reflect  .     (no gloves)
MR     .....     Harm     +     (no boots)
Stlth  ++........               v - amulet of harm
                                D - ring of wizardry
                                A - ring of wizardry

@: repel missiles
A: no striking features
a: no special abilities


You were on level 5 of the Dungeon.
You were very hungry.

You visited 1 branch of the dungeon, and saw 5 of its levels.

You collected 252 gold pieces.

Inventory:

Hand Weapons
 r - a +2 dagger of venom (weapon)
 E - the +1 war axe of Death {chop, rPois rF++}
   (You found it on level 5 of the Dungeon)

   It inflicts extra damage upon your enemies.
   It greatly protects you from fire.
   It protects you from poison.
Armour
 a - a +0 robe (worn)
 b - a +0 hat (worn)
 h - a +1 cloak (worn)
Jewellery
 v - an amulet of harm (around neck)
 A - a ring of wizardry (left hand)
 D - a ring of wizardry (right hand)
Scrolls
 e - a scroll of amnesia {unknown}
 g - 2 scrolls of teleportation
 i - a scroll of enchant weapon {unknown}
 m - 2 scrolls of identify {unknown}
 n - a scroll of blinking {unknown}
 o - 2 scrolls of remove curse
 q - a scroll of magic mapping {unknown}
 s - a scroll of fear {unknown}
 u - a scroll of enchant armour {unknown}
 y - a scroll of immolation {unknown}
Potions
 f - 2 potions of curing {unknown}
 k - 2 potions of resistance {unknown}
 l - a potion of berserk rage {unknown}
 t - a potion of cure mutation {unknown}
 w - a potion of flight {unknown}
 B - a potion of mutation {unknown}
 F - 2 potions of brilliance {unknown}
Books
 c - a book of Minor Magic

   Spells                             Type                      Level
   a - Magic Dart                     Conjuration                  1
   b - Blink                          Translocation                2
   c - Call Imp                       Summoning                    2
   d - Repel Missiles                 Charms/Air                   2
   e - Slow                           Hexes                        2
   f - Conjure Flame                  Conjuration/Fire             3
   g - Mephitic Cloud                 Conjuration/Poison/Air       3
 z - a book of the Earth

   Spells                             Type                      Level
   a - Leda's Liquefaction            Hexes/Earth                  4
   b - Bolt of Magma                  Conjuration/Fire/Earth       5
   c - Statue Form                    Transmutation/Earth          6
   d - Iron Shot                      Conjuration/Earth            6
   e - Shatter                        Earth                        9
Comestibles
 d - 6 bread rations
 j - 2 meat rations
 p - a royal jelly
 x - 3 fruits
 C - a beef jerky
 G - a slice of pizza


   Skills:
 - Level 2.4 Dodging
 - Level 2.4 Stealth
 + Level 6.1 Spellcasting
 * Level 7.6 Conjurations
   Level 1.1 Summonings
 - Level 1.1 Translocations


You had 7 spell levels left.
You knew the following spells:

 Your Spells              Type           Power        Failure   Level  Hunger
a - Repel Missiles        Chrm/Air       #.....       3%          2    None
b - Blink                 Tloc           N/A          2%          2    None
e - Mephitic Cloud        Conj/Pois/Air  ###.....     2%          3    None
s - Conjure Flame         Conj/Fire      ####....     1%          3    None
z - Magic Dart            Conj           ####         1%          1    None


Dungeon Overview and Level Annotations

Branches:
Dungeon (5/15)
 Temple: D:4-7

Altars:
Cheibriados
Qazlal
Ru
The Shining One

Annotations:
D:5 Sigmund


Message History

Aiming: Magic Dart
Press: ? - help, Shift-Dir - straight line, f/p - orc wizard
Aim: an orc wizard, wielding a dagger and wearing a glowing robe (noxious fumes, moderately wounded, confused)
The magic dart hits the orc wizard.
The orc wizard is heavily wounded.
The orc priest mumbles some strange prayers to Beogh against you.
Beogh smites you!
Ouch! That really hurt!
* * * LOW HITPOINT WARNING * * *
The orc wizard is engulfed in noxious fumes.
Casting: Magic Dart
Confirm with . or Enter, or press ? or * to list all spells.
Aiming: Mephitic Cloud
Press: ? - help, Shift-Dir - straight line, f - orc priest, p - orc wizard
Aim: an orc priest, wielding a club Out of range.
Okay, then.
The orc priest calls down the wrath of Beogh upon you.
Beogh smites you!
You die...

...######..#.#.#.#.#.....#.#.##..
...+...........).................
...######....#.............#.##.#
...# #.#..###.##........#.##.#
.### #.#..# #...........#..#.#
..# #.##.###.........#.##|#+# ..#
#.##..##.....#+#.#.......
..#######.##..##.....#.#.####....
........#.##..##@.<..#'#+####....
........#.##...##§§§o......##....
........#.##.#.##§§§.......###...
........#.##.#..###§.......'.'...
........#.##.##....o.......###...
..#######.##.##.............#####
..# ##'##'##.......#####.# ###
#.....o.#......# #.#
#....o..#....### #.#####


You could see an orc priest and an orc wizard (confused).

Vanquished Creatures
  2 ogres (D:5)
  A hound (D:4)
  An orc wizard (D:4)
  2 iguanas
  5 worker ants
  6 adders
  2 river rats (D:4)
  An ooze (D:1)
  An adder skeleton (D:4)
  An adder zombie (D:5)
  4 dart slugs
  A worm (D:5)
  3 giant geckos
  6 orcs
  8 bats
  6 giant cockroaches
  4 goblins
  4 hobgoblins
  9 jackals
  5 kobolds (D:1)
  5 quokkas
  3 ball pythons (D:4)
  A giant gecko skeleton (D:4)
  2 giant newts
  5 rats
88 creatures vanquished.

Notes
Turn   | Place    | Note
-------+----------+-------------------------------------------
     0 | D:1      | Amnesiac the Deep Elf Wizard began the quest for the Orb.
     0 | D:1      | Reached XP level 1. HP: 10/10 MP: 7/7
   416 | D:2      | Reached skill level 2 in Conjurations
   416 | D:2      | Reached XP level 2. HP: 15/15 MP: 5/9
   851 | D:1      | Reached skill level 3 in Conjurations
   958 | D:1      | Learned a level 2 spell: Repel Missiles
   963 | D:1      | Learned a level 2 spell: Blink
   977 | D:1      | Reached XP level 3. HP: 18/19 MP: 4/11
   982 | D:1      | Learned a level 3 spell: Mephitic Cloud
   986 | D:1      | Learned a level 3 spell: Conjure Flame
  1381 | D:2      | Reached skill level 4 in Conjurations
  1411 | D:2      | Reached XP level 4. HP: 24/24 MP: 1/12
  1816 | D:4      | Reached skill level 5 in Conjurations
  1816 | D:4      | Reached XP level 5. HP: 28/28 MP: 8/13
  1988 | D:4      | Found a stormy altar of Qazlal.
  2178 | D:4      | Reached skill level 5 in Spellcasting
  2178 | D:4      | Reached skill level 6 in Conjurations
  2276 | D:4      | Found a snail-covered altar of Cheibriados.
  2286 | D:4      | Found a sacrificial altar of Ru.
  2286 | D:4      | Found a glowing golden altar of the Shining One.
  2413 | D:4      | Reached XP level 6. HP: 13/32 MP: 9/15
  2431 | D:4      | HP: 1/32 [poisoned by an adder]
  3085 | D:5      | Entered Level 5 of the Dungeon
  3108 | D:5      | Reached skill level 7 in Conjurations
  3146 | D:5      | Reached XP level 7. HP: 26/36 MP: 0/18
  3337 | D:5      | Got a shimmering war axe
  3338 | D:5      | Identified the cursed +1 war axe of Death {chop, rPois rF++} (You found it on level 5 of the Dungeon)
  3370 | D:5      | Noticed Sigmund
  4030 | D:5      | Killed from afar by an orc priest

Vault maps used:
D:1:      kilobyte_arrival_exit_the_forest, minmay_box_of_dots
D:3:      first_bread, minmay_splitting_lines, st_stairs_11,
          cheibriados_altar_1, uniq_robin
D:4:      nicolae_qazlal_general_emergency, minitemple, serial_glass,
          glass_columns_b, glass_columns_a, portal_sewer_entry_e
D:5:      uniq_sigmund

Skill      XL: |  1  2  3  4  5  6 |
---------------+-------------------+-----
Conjurations   | 2 3 4 5 6 7 |  7.6
Spellcasting   | 5 6 |  6.1
Dodging        | |  2.4
Stealth        | |  2.4
Summonings     | |  1.1
Translocations | |  1.1

Action                   |  1- 3 |  4- 6 |  7- 9 || total
-------------------------+-------+-------+-------++-------
Melee: Hand axe          |     4 |       |       ||     4
       Unarmed           |     2 |       |       ||     2
       Dagger            |       |    31 |     2 ||    33
 Cast: Magic Dart        |    83 |   114 |    27 ||   224
       Repel Missiles    |     1 |       |       ||     1
       Mephitic Cloud    |       |     5 |     3 ||     8
       Blink             |       |     2 |       ||     2
       Conjure Flame     |       |     1 |       ||     1
  Use: Scroll            |       |       |     2 ||     2
 Stab: Sleeping          |       |     2 |       ||     2
  Eat: Chunk             |     1 |     5 |     2 ||     8
Armor: Robe              |    15 |    12 |     1 ||    28
Dodge: Dodged            |    24 |    30 |     3 ||    57
       Deflected         |     2 |       |       ||     2
